 Dungeon Crawl Stone Soup version 0.24.0-37-gcf1ca852f1 (webtiles) character file.

Game seed: 9455649004998895373, levelgen mode: deterministic

238 Descartes the Ducker (level 5, -2/24 HPs)
             Began as a Felid Monk on Dec 1, 2019.
             Slain by an ogre
             ... wielding a +0 giant spiked club
              (26 damage)
             ... on level 3 of the Dungeon.
             The game lasted 00:11:11 (3927 turns).

Descartes the Ducker (Felid Monk)                   Turns: 3927, Time: 00:11:11

Health: -2/24      AC:  1    Str:  8    XL:     5   Next: 78%
Magic:  6/6        EV: 21    Int: 12    God:
Gold:   145        SH:  0    Dex: 18    Spells: 4/4 levels left
                                        Lives:  0   Deaths: 1

rFire    . . .     SeeInvis +     - Unarmed
rCold    . . .     Gourm    .   (shield unavailable)
rNeg     . . .     Faith    .   (armour unavailable)
rPois    .         Spirit   .   (helmet unavailable)
rElec    .         Reflect  .   (cloak unavailable)
rCorr    .         Harm     .   (gloves unavailable)
MR       .....                  (boots unavailable)
Stlth    ++++......             n - amulet of rage
HPRegen  0.08/turn              (no ring)
MPRegen  0.10/turn              (no ring)

@: quick
A: very small, no armour, no weapons or thrown items, stealth, claws 1, fangs 3,
see invisible, carnivore, speed 1, shaggy fur 1, slow metabolism 1, sharp paws
a: Evoke Berserk Rage


You were on level 3 of the Dungeon.
You were completely stuffed.

You visited 1 branch of the dungeon, and saw 4 of its levels.

You collected 145 gold pieces.

Inventory:

Missiles
 l - 39 arrows
Jewellery
 n - an amulet of rage (around neck)
Wands
 m - a wand of iceblast (11)
Scrolls
 c - a scroll of remove curse {unknown}
 d - a scroll of fog {unknown}
 e - a scroll of fear {unknown}
 h - a scroll of enchant armour {unknown}
 i - a scroll of noise {unknown}
 j - 3 scrolls of identify {unknown}
 p - a scroll of magic mapping {unknown}
Potions
 b - a potion of might {unknown}
 f - a potion of heal wounds {unknown}
 g - a potion of agility {unknown}
 k - a potion of curing
 o - a potion of lignification {unknown}
 q - a potion of berserk rage {unknown}
Comestibles
 a - 6 rations


   Skills:
 - Level 3.0 Fighting
 + Level 5.7 Dodging
 + Level 5.2 Stealth
 * Level 5.4 Unarmed Combat


You had 4 spell levels left.
You didn't know any spells.
Your spell library was empty.

Dungeon Overview and Level Annotations

Branches:
Dungeon (4/15)
 Temple: D:4-7

Altars:
Gozag
Nemelex Xobeh


Innate Abilities, Weirdness & Mutations

You cannot wear armour.
You are incapable of wielding weapons or throwing items.
Your paws allow you to move quietly. (Stealth)
You have sharp claws.
You have razor-sharp teeth.
You have supernaturally acute eyesight. (SInv)
You are carnivorous and can eat meat at any time.
You cover ground quickly.
You are covered in fur. (AC +1)
You have a slow metabolism.
Your sharp claws are effective at attacking unaware monsters.


Message History

No target in view!
No target in view!
You see here 16 stones.
An orc and an orc wizard come into view.
Found an escape hatch in the floor.
An orc priest and an ogre come into view.
The orc wizard shouts!
You hear a shout! x2; The ogre shouts!
You hear a shout!
You see here 16 stones.
There is a stone staircase leading up here.
The orc wizard mumbles some strange words.
The orc wizard flickers and vanishes for a moment.
The ogre misses you.
You climb upwards.
There is a stone staircase leading down here.
You claw the ogre! Your bite misses the ogre.
The ogre is moderately wounded.
The ogre hits you with a +0 giant spiked club!!
Ouch! That really hurt!
You die...

#.....##.#.#.#.# #.#.# ###
#.....##.#.#.#.# #.#.# ..#
####<....##'#.#.#.# #.#.# ..#
#.............#.#.# #.#.# ..#
#.............#.#.# #.#.#
#####.............#.#.###.#.#
...#####..........#.......#.#
.....###.[..###+#O####.####.##
................@............#
.....#.#....#....#####.#######
.....#.#....#.#<.#...#.#
.....#.#....#.#..#.#.#.#
#....#.#....#.#..#.#.#.#
#....#.#....#.#....#.#.#
....#.......#......#.#.#
..........#........#.#.#
...............#.....#.#


You could see an ogre.

Vanquished Creatures
  A scorpion (D:3)
  An orc priest (D:3)
  An orc wizard (D:3)
  2 worker ants (D:4)
  6 adders
  An adder zombie (D:3)
  An adder skeleton (D:4)
  2 worms
  3 dart slugs
  5 leopard geckos
  2 orcs (D:3)
  2 ball pythons
  7 giant cockroaches
  7 hobgoblins
  10 jackals
  12 kobolds
  A quokka (D:2)
  7 bats
  7 frilled lizards
  6 goblins
  11 rats
95 creatures vanquished.

Vanquished Creatures (others)
  A kobold (D:3)
1 creature vanquished.

Grand Total: 96 creatures vanquished

Notes
Turn   | Place    | Note
-------+----------+-------------------------------------------
     0 | D:1      | Descartes the Felid Monk began the quest for the Orb.
     0 | D:1      | Reached XP level 1. HP: 10/10 MP: 2/2
   128 | D:1      | Reached XP level 2. HP: 14/14 MP: 3/3
   582 | D:1      | Reached XP level 3. HP: 16/17 MP: 4/4
  1388 | D:2      | Reached XP level 4. HP: 21/21 MP: 5/5
  1418 | D:2      | Found an opulent altar of Gozag.
  2093 | D:3      | Reached skill level 5 in Dodging
  2099 | D:3      | Reached XP level 5. HP: 22/24 MP: 6/6
  2253 | D:3      | Killed from afar by a kobold
  2254 | D:3      | Reached XP level 4. HP: -6/21 MP: 5/5
  3099 | D:3      | Reached skill level 5 in Unarmed Combat
  3099 | D:3      | Reached XP level 5. HP: 12/24 MP: 6/6
  3198 | D:3      | Reached skill level 5 in Stealth
  3821 | D:2      | Found a sparkling altar of Nemelex Xobeh.
  3894 | D:4      | Noticed an ogre
  3927 | D:3      | Slain by an ogre

Levels and vault maps discovered:
D:1:      wander_arrival_lonely_grave, layout_loops_corners, solitary_fountain
D:2:      layout_basic, lemuel_crystal_altar, nicolae_overflow_hidden_temple
D:3:      layout_basic, first_ration
D:4:      minmay_chambers_of_twos, layout_loops_ring,
          amethyst_overflow_temple_binary, ebering_ghost_gozag,
          grunt_dithmenos_shadows

Skill      XL: |  1  2  3  4  5 |
---------------+----------------+-----
Stealth        | 3 4 5 |  5.2
Unarmed Combat | 4 5 |  5.4
Dodging        | 5 |  5.7
Fighting       | |  3.0

Action                   |  1- 3 |  4- 6 || total
-------------------------+-------+-------++-------
Melee: Unarmed           |   106 |   146 ||   252
       Bite              |     6 |     8 ||    14
       Punch             |     1 |     3 ||     4
  Use: Potion            |       |     2 ||     2
 Stab: Sleeping          |    15 |    10 ||    25
  Eat: Chunk             |     8 |    11 ||    19
Armor: Skin              |     8 |     5 ||    13
Dodge: Dodged            |    77 |   102 ||   179
